 Dungeon Crawl Stone Soup version 0.26-a0-8-gc4d20be10f (webtiles) character file.

Game seed: 982292005060591813, levelgen mode: deterministic

44999 Esekla the Thaumaturge (level 14, -4/72 HPs)
             Began as a Vine Stalker Ice Elementalist on May 23, 2020.
             Was a High Priest of Vehumet.
             Slain by an elephant (7 damage)
             ... on level 6 of the Lair of Beasts on May 25, 2020.
             The game lasted 04:43:09 (19330 turns).

Esekla the Thaumaturge (VSIE)                      Turns: 19330, Time: 04:43:10

Health: -4/72      AC: 15    Str: 12    XL:     14   Next: 31%
Magic:  0/31       EV: 12    Int: 19    God:    Vehumet [*****.]
Gold:   1195       SH:  0    Dex: 15    Spells: 13/38 levels left

rFire    . . .     SeeInvis .   z - +4 long sword (freeze)
rCold    . . .     Gourm    .   (no shield)
rNeg     . . .     Faith    .   Z - +1 ring mail "Ciovij" {rPois} (curse)
rPois    +         Spirit   +   M - +0 helmet
rElec    .         Reflect  .   o - +0 cloak
rCorr    .         Harm     .   E - +0 pair of gloves
MR       ++...                  O - +0 pair of boots
Stlth    ++........             Y - amulet of magic regeneration
HPRegen  1.02/turn              j - +4 ring of protection
MPRegen  0.47/turn              I - ring of protection from magic

@: frozen ramparts, studying Axes
A: fangs 3, regeneration 2, magic shield, antimagic bite, no potion heal 3, rot
immunity
a: Renounce Religion


You were on level 6 of the Lair of Beasts.
You worshipped Vehumet.
Vehumet was extremely pleased with you.
You were not hungry.

You visited 3 branches of the dungeon, and saw 17 of its levels.
You also visited: Gauntlet.

You collected 1335 gold pieces.
You spent 140 gold pieces at shops.

Inventory:

Hand Weapons
 b - the +9 shortbow "Murmur" {vorpal, Str-4 Dex+2 SInv}
   (You took it off a minotaur in a Gauntlet)

   Any arrow fired from it inflicts extra damage.
   It affects your strength (-4).
   It affects your dexterity (+2).
   It lets you see invisible.
 e - a +2 dagger of electrocution
 h - a +2 scimitar of holy wrath
 t - a +1 trident of flaming
 z - a +4 long sword of freezing (weapon)
Missiles
 m - 23 javelins
 p - 4 curare-tipped darts
 v - 89 arrows
 H - 32 poisoned darts
 L - 24 boomerangs (quivered)
 Q - 12 silver javelins
Armour
 o - a +0 cloak (worn)
 x - a +1 leather armour of fire resistance
 E - a +0 pair of gloves (worn)
 M - a +0 helmet (worn)
 O - a +0 pair of boots (worn)
 R - a +2 robe of magic resistance
 V - a +1 troll leather armour
 Z - the cursed +1 ring mail "Ciovij" (worn) {rPois}
   (You found it on level 6 of the Lair of Beasts)

   It protects you from poison.
   It has a curse placed upon it.
Jewellery
 i - the ring "Ynweusou" {Fire MR+}
   (You found it in a Gauntlet)

   [ring of fire]

   It enhances your fire magic.
   It protects you from fire.
   It makes you vulnerable to cold.
   It affects your resistance to hostile enchantments.
 j - a +4 ring of protection (left hand)
 l - an uncursed ring of protection from cold
 u - an uncursed ring of resist corrosion
 y - an uncursed ring of positive energy
 I - a ring of protection from magic (right hand)
 Y - an amulet of magic regeneration (around neck)
Wands
 g - a wand of flame (43)
 r - a wand of clouds (4)
 A - a wand of acid (32)
 G - a wand of iceblast (17)
 N - a wand of polymorph (9)
 X - a wand of digging (9)
Scrolls
 a - 2 scrolls of identify
 d - 2 scrolls of magic mapping
 k - 3 scrolls of amnesia
 n - a scroll of fear
 C - 7 scrolls of teleportation
 D - a scroll of vulnerability
 J - 3 scrolls of fog
 W - 4 scrolls of remove curse
Potions
 f - a potion of haste
 q - a potion of resistance
 s - 3 potions of might
 B - a potion of cancellation
 F - a potion of brilliance
 K - a potion of lignification
 P - 5 potions of curing
 S - a potion of flight
 T - 2 potions of ambrosia
 U - a potion of berserk rage
Books
 w - a manual of Axes
Comestibles
 c - 40 rations


   Skills:
 + Level 7.5 Fighting
 + Level 4.1(5.9) Short Blades
 + Level 6.5(7.1) Long Blades
 * Level 4.2 Axes
 * Level 2.5 Bows
 + Level 1.8 Throwing
 + Level 3.0 Armour
 + Level 4.3 Dodging
 - Level 5.0 Stealth
 * Level 12.7 Spellcasting
 + Level 5.4 Conjurations
 + Level 6.1 Charms
 * Level 1.7 Necromancy
 * Level 5.6 Translocations
 + Level 2.1 Transmutations
 * Level 5.5 Fire Magic
 + Level 8.6 Ice Magic
 + Level 3.8 Air Magic
 + Level 3.2 Poison Magic


You had 13 spell levels left.
You knew the following spells:

 Your Spells              Type           Power        Failure   Level  Hunger
a - Apportation           Tloc           ####..       1%          1    None
c - Mephitic Cloud        Conj/Pois/Air  ####....     1%          3    None
d - Magic Dart            Conj           ####         1%          1    None
e - Shock                 Conj/Air       ####         1%          1    None
g - Ignite Poison         Fire/Tmut/Pois ####....     2%          3    None
p - Vampiric Draining     Necr           ###.......   17%         3    None
r - Frozen Ramparts       Ice            #####.       1%          3    None
t - Static Discharge      Conj/Air       ####....     1%          3    None
y - Sticky Flame          Conj/Fire      ####....     3%          4    #......
z - Ozocubu's Armour      Chrm/Ice       #####...     1%          3    None

Your spell library contained the following spells:

 Spells                   Type           Power        Failure   Level  Hunger
 Ozocubu's Refrigeration  Ice            #####.....   13%         6    ######.
 Foxfire                  Conj/Fire      ####         1%          1    None
 Freeze                   Ice            ####         1%          1    None
 Conjure Flame            Conj/Fire      ####....     1%          3    None
 Hailstorm                Conj/Ice       #####...     1%          4    #......
 Gell's Gravitas          Tloc           ####......   3%          3    None
 Inner Flame              Hex/Fire       ###.....     3%          3    None
 Stone Arrow              Conj/Erth      ###...       3%          3    None
 Animate Skeleton         Necr           N/A          6%          1    None
 Pain                     Necr           ###.         6%          1    None
 Sublimation of Blood     Necr           ###.......   9%          2    None
 Fireball                 Conj/Fire      ####......   10%         5    ####...
 Recall                   Summ/Tloc      N/A          11%         3    None
 Corona                   Hex            ##.....      12%         1    None
 Summon Small Mammal      Summ           ##..         12%         1    None
 Summon Ice Beast         Ice/Summ       ####....     21%         4    #......
 Confusing Touch          Hex            ##......     34%         3    None
 Yara's Violent Unravell  Hex/Tmut       ###.......   45%         5    ####...
 Animate Dead             Necr           N/A          50%         4    #......
 Metabolic Englaciation   Hex/Ice        ####......   50%         5    ####...
 Petrify                  Tmut/Erth      ###.....     58%         4    #......
 Agony                    Necr           ###.....     85%         5    ####...
 Simulacrum               Ice/Necr       ####......   91%         6    ######.
 Borgnjor's Vile Clutch   Necr/Erth      ###.......   93%         5    ####...
 Death Channel            Necr           ###.......   100%        6    ######.


Dungeon Overview and Level Annotations

Branches:
Dungeon (10/15)            Temple (1/1) D:7            Lair (6/6) D:9
  Swamp (0/4) Lair:2       Spider (0/4) Lair:4        Slime (0/5) Lair:5
    Orc (0/2) D:10        Gauntlet (visited)

Altars:
Ashenzari
Cheibriados
Dithmenos
Elyvilon
Fedhas
Gozag
Hepliaklqana
Kikubaaqudgha
Makhleb
Nemelex Xobeh
Okawaru
Qazlal
Ru
Sif Muna
Trog
Uskayaw
Vehumet
Wu Jian
Xom
Yredelemnul
Zin
The Shining One
Jiyva

Shops:
D:7 !:?   D:10 (

Annotations:
D:4 1 runed translucent door, Caleiyous's ghost, novice GrFi
D:6 Menkaure
D:7 1 runed translucent door, Lanoc's ghost, novice OpHu
D:10 3 runed translucent doors, kaycho's ghost, novice MfGl
Lair:2 3 runed translucent doors, Gibetzo's ghost, journeyman GnSk; Kecisof's ghost, journeyman DDFi; Xaosum's ghost, journeyman OgFE
Lair:3 3 runed translucent doors, Bimamm's ghost, journeyman OpCj; Kiuman's ghost, journeyman TeAE; Lanoc's ghost, adept HaFi


Innate Abilities, Weirdness & Mutations

You have razor-sharp teeth.
You heal very quickly.
When hurt, damage is shared between your health and your magic reserves.
Your bite disrupts and absorbs the magic of your enemies.
Potions cannot restore your health.
You are immune to rotting.


Message History

You closely miss the blink frog. Your bite misses the blink frog.
The blink frog is lightly wounded.
The wall freezes the blink frog!
The blink frog seems to slow down.
The blink frog barely misses you.
The wall freezes the elephant.
The elephant tramples you!
* * * LOW HITPOINT WARNING * * *
You hold your ground!
The elephant closely misses you.
You slash the elephant! You freeze the elephant.
The elephant is almost dead.
The wall freezes the blink frog.
The blink frog hits you.
* * * LOW HITPOINT WARNING * * *
The blink frog blinks!
The wall freezes the blink frog.
The blink frog hits you!
* * * LOW HITPOINT WARNING * * *
The wall freezes the blink frog.
The blink frog seems to slow down.
The blink frog hits you!
* * * LOW HITPOINT WARNING * * *
The wall freezes the blink frog!
The wall freezes the elephant.
The elephant tramples you!
You die...

#..P#...F†##...###.
#..P#P...P#........
##.........Y.Y....F.
#...F.Y..........F..
#...SF..............
#...................
#...##..........P.S.
#.F#####..P§....P...
##Y@##....##.....##.
##F##.....#......#..
#..#.......P.....#..
##......P.......##..
##.....PP##......#..
#....#..P# #.....#P.
##..#....# ........
##......... .......
#...................


You could see an elephant and 2 blink frogs.

Vanquished Creatures
  A minotaur (Gauntlet)
  Snorg (D:10)
  5 hydras
  Urug (Lair:5)
  4 death yaks (Lair:5)
  A wolf spider (Lair:6)
  12 elephants
  An ice statue (Gauntlet)
  4 black mambas
  12 spiny frogs
  A minotaur zombie (Gauntlet)
  6 rime drakes
  6 komodo dragons
  An ice devil (Gauntlet)
  2 trolls (D:10)
  A tyrant leech (Lair:2)
  11 blink frogs
  A hornet (Lair:6)
  7 hippogriffs
  A dream sheep (Lair:1)
  4 redbacks
  6 wyverns
  53 yaks
  A wraith (D:10)
  A basilisk (Lair:3)
  Edmund (D:6)
  9 porcupines
  23 water moccasins
  4 orc warriors
  A phantom (D:6)
  A boggart (Gauntlet)
  3 eyes of draining (D:3)
  5 ogres
  4 centaurs
  16 crocodiles
  2 big kobolds
  18 bullfrogs
  A wyvern skeleton (D:10)
  6 scorpions
  A jelly (D:9)
  A water moccasin skeleton (D:5)
  7 killer bees (D:6)
  6 wights
  An electric eel (Lair:5)
  2 howler monkeys
  4 crimson imps
  3 bullfrog zombies
  A centaur zombie (D:6)
  5 hounds
  3 quasits (D:7)
  10 orc wizards
  9 orc priests
  2 centaur skeletons
  4 iguanas
  9 worker ants
  2 hell rats (Lair:1)
  A hound skeleton (D:8)
  A hound zombie (D:5)
  A worker ant zombie (D:8)
  A gnoll (D:1)
  A howler monkey skeleton (D:8)
  12 adders
  4 river rats (Lair:1)
  3 shadow imps
  2 oozes
  An adder skeleton (D:7)
  An adder zombie (D:5)
  2 worms
  A dart slug (D:2)
  10 leopard geckos
  33 orcs
  A ball python (D:1)
  13 bats
  9 giant cockroaches
  8 goblins
  10 hobgoblins
  14 jackals
  2 quokkas
  2 frilled lizards
  11 kobolds
  A leopard gecko skeleton (D:4)
  24 rats
  A fungus (Lair:6)
478 creatures vanquished.

Vanquished Creatures (collateral kills)
  A fungus (Lair:3)
  A plant (Lair:3)
2 creatures vanquished.

Vanquished Creatures (others)
  A bush (D:9)
  20 fungi
  23 plants
  4 withered plants
48 creatures vanquished.

Grand Total: 528 creatures vanquished

Notes
Turn   | Place    | Note
-------+----------+-------------------------------------------
     0 | D:1      | Esekla the Vine Stalker Ice Elementalist began the quest
                  | for the Orb.
     0 | D:1      | Reached XP level 1. HP: 9/9 MP: 4/4
   284 | D:1      | Reached XP level 2. HP: 10/13 MP: 0/6
   870 | D:2      | Reached XP level 3. HP: 17/17 MP: 7/7
   885 | D:2      | Learned a level 3 spell: Frozen Ramparts
  1164 | D:2      | Found a hazy altar of Hepliaklqana.
  1166 | D:2      | Found a sparkling altar of Nemelex Xobeh.
  1166 | D:2      | Found a shattered altar of Ashenzari.
  1169 | D:2      | Found a shimmering altar of Xom.
  1169 | D:2      | Found a shadowy altar of Dithmenos.
  1169 | D:2      | Found a basalt altar of Yredelemnul.
  1704 | D:2      | Learned a level 3 spell: Ozocubu's Armour
  1862 | D:4      | Reached skill level 1 in Fighting
  1862 | D:4      | Reached skill level 1 in Short Blades
  1862 | D:4      | Gained mutation: Your natural rate of healing is unusually
                  | fast. [Vine Stalker growth]
  1862 | D:4      | Reached XP level 4. HP: 18/22 MP: 4/9
  1897 | D:4      | Noticed an ogre
  1946 | D:4      | Found a runed translucent door.
  1946 | D:4      | Noticed Caleiyous's ghost (novice GrFi)
  2243 | D:3      | Noticed an eye of draining
  2250 | D:3      | Noticed an eye of draining
  2346 | D:3      | Found a bloodstained altar of Trog.
  2346 | D:3      | Noticed an eye of draining
  2378 | D:3      | Killed an eye of draining
  2378 | D:3      | Reached skill level 3 in Spellcasting
  2378 | D:3      | Reached skill level 1 in Charms
  2378 | D:3      | Reached XP level 5. HP: 25/25 MP: 0/10
  2395 | D:3      | Killed an eye of draining
  2395 | D:3      | Reached XP level 6. HP: 30/30 MP: 4/12
  2410 | D:3      | Killed an eye of draining
  2811 | D:4      | Reached XP level 7. HP: 30/35 MP: 7/13
  2896 | D:5      | Entered Level 5 of the Dungeon
  2961 | D:4      | Found a shimmering blue altar of Sif Muna.
  3476 | D:5      | Reached skill level 5 in Ice Magic
  3653 | D:5      | Reached skill level 4 in Spellcasting
  3832 | D:4      | Found a basalt altar of Yredelemnul.
  4210 | D:5      | Learned a level 1 spell: Apportation
  4260 | D:5      | Gained mutation: You have razor-sharp teeth. [Vine Stalker
                  | growth]
  4260 | D:5      | Reached XP level 8. HP: 39/39 MP: 8/16
  4655 | D:7      | Found Xuibla's Magic Scroll Shop.
  4659 | D:7      | Found Vaiph's Book Boutique.
  4690 | D:7      | Found Lawkohat's Distillery.
  4693 | D:7      | Bought a potion of degeneration for 12 gold pieces
  4718 | D:7      | Bought a scroll of identify for 32 gold pieces
  4776 | D:6      | Noticed Edmund
  5057 | D:6      | Reached skill level 5 in Spellcasting
  5121 | D:6      | Found a burning altar of Makhleb.
  5185 | D:6      | Found a shattered altar of Ashenzari.
  5439 | D:5      | Reached skill level 1 in Translocations
  5882 | D:7      | Reached skill level 6 in Spellcasting
  5917 | D:7      | Found a runed translucent door.
  5951 | D:7      | Noticed Lanoc's ghost (novice OpHu)
  6020 | D:6      | Noticed Menkaure
  6161 | D:7      | Found a staircase to the Ecumenical Temple.
  6172 | Temple   | Entered the Ecumenical Temple
  6179 | Temple   | Became a worshipper of Vehumet
  6180 | Temple   | Upgraded the game from 0.25-a0-1137-g7f6bfe439b to
                  | 0.26-a0-8-gc4d20be10f
  6195 | D:7      | Reached XP level 9. HP: 43/44 MP: 13/19
  6636 | D:1      | Reached * piety under Vehumet
  6636 | D:1      | Offered knowledge of Shock by Vehumet.
  6639 | D:1      | Learned a level 1 spell: Shock
  7806 | D:6      | Killed Edmund
  8009 | D:6      | Reached skill level 1 in Conjurations
  8315 | D:7      | Reached skill level 1 in Air Magic
  8454 | D:8      | Reached skill level 7 in Spellcasting
  8583 | D:8      | Reached skill level 1 in Armour
  8591 | D:8      | Offered knowledge of Magic Dart by Vehumet.
  8691 | D:8      | Learned a level 1 spell: Magic Dart
  8751 | D:8      | Reached ** piety under Vehumet
  9325 | D:8      | Found a shimmering altar of Xom.
  9326 | D:8      | Found a blossoming altar of Fedhas.
  9434 | D:8      | Reached XP level 10. HP: 51/51 MP: 15/22
  9639 | D:9      | Reached skill level 5 in Stealth
  9702 | D:9      | Reached skill level 8 in Spellcasting
  9707 | D:9      | Reached skill level 1 in Long Blades
  9839 | D:9      | Found a staircase to the Lair.
 10528 | D:9      | Offered knowledge of Mephitic Cloud by Vehumet.
 10533 | D:9      | Learned a level 3 spell: Mephitic Cloud
 10611 | D:9      | Reached skill level 5 in Fighting
 10622 | D:9      | Reached skill level 9 in Spellcasting
 10690 | D:9      | Reached XP level 11. HP: 56/56 MP: 23/25
 10773 | D:10     | Entered Level 10 of the Dungeon
 10854 | D:10     | Reached *** piety under Vehumet
 10884 | D:10     | Found a staircase to the Orcish Mines.
 10884 | D:10     | Found Qiso's Weapon Emporium.
 10924 | D:10     | Reached skill level 1 in Poison Magic
 11059 | D:10     | Noticed Snorg
 11084 | D:10     | Killed Snorg
 11093 | D:10     | Offered knowledge of Ignite Poison by Vehumet.
 11180 | D:10     | Learned a level 3 spell: Ignite Poison
 11217 | D:10     | Found a runed translucent gate.
 11217 | D:10     | Found a runed translucent gate.
 11217 | D:10     | Found a runed translucent gate.
 11220 | D:10     | Noticed kaycho's ghost (novice MfGl)
 11223 | D:10     | Noticed a deep elf knight
 11279 | D:10     | Found a shadowy altar of Dithmenos.
 11741 | Lair:1   | Entered Level 1 of the Lair of Beasts
 11870 | Lair:1   | Reached **** piety under Vehumet
 11870 | Lair:1   | Reached skill level 5 in Charms
 11902 | Lair:1   | Reached skill level 10 in Spellcasting
 11930 | Lair:1   | Noticed a six-headed hydra
 11960 | Lair:1   | Killed a six-headed hydra
 12144 | Lair:1   | Offered knowledge of Static Discharge by Vehumet.
 12149 | Lair:1   | Learned a level 3 spell: Static Discharge
 12170 | Lair:1   | Reached skill level 1 in Fire Magic
 12241 | Lair:1   | Reached skill level 1 in Transmutations
 12334 | Lair:1   | Reached skill level 5 in Conjurations
 12465 | Lair:1   | Gained mutation: You heal very quickly. [Vine Stalker
                  | growth]
 12465 | Lair:1   | Reached XP level 12. HP: 51/60 MP: 22/27
 13345 | D:7      | Bought a potion of magic for 96 gold pieces
 13681 | Lair:2   | Noticed an eight-headed hydra
 13826 | Lair:2   | Noticed an eight-headed hydra
 13876 | Lair:2   | Killed an eight-headed hydra
 13960 | Lair:2   | Killed an eight-headed hydra
 13960 | Lair:2   | Reached skill level 1 in Throwing
 14026 | Lair:2   | Found a staircase to the Swamp.
 14080 | Lair:2   | Reached ***** piety under Vehumet
 14114 | Lair:2   | Found a runed translucent gate.
 14114 | Lair:2   | Found a runed translucent gate.
 14114 | Lair:2   | Found a runed translucent gate.
 14118 | Lair:2   | Noticed Xaosum's ghost (journeyman OgFE)
 14118 | Lair:2   | Noticed Gibetzo's ghost (journeyman GnSk)
 14119 | Lair:2   | Noticed Kecisof's ghost (journeyman DDFi)
 14179 | Lair:2   | Reached skill level 11 in Spellcasting
 14579 | Lair:3   | Noticed a five-headed hydra
 14594 | Lair:3   | Killed a five-headed hydra
 14603 | Lair:3   | Offered knowledge of Spellforged Servitor by Vehumet.
 14671 | Lair:3   | Found a runed translucent gate.
 14671 | Lair:3   | Found a runed translucent gate.
 14672 | Lair:3   | Found a runed translucent gate.
 14676 | Lair:3   | Noticed Lanoc's ghost (adept HaFi)
 14676 | Lair:3   | Noticed Bimamm's ghost (journeyman OpCj)
 14677 | Lair:3   | Noticed Kiuman's ghost (journeyman TeAE)
 14698 | Lair:3   | Reached skill level 5 in Long Blades
 14730 | Lair:3   | Found a gate leading to a gauntlet.
 14741 | Gauntlet | Entered a Gauntlet
 14741 | Gauntlet | Found a transporter.
 14744 | Gauntlet | Found a transporter.
 14746 | Gauntlet | Found a transporter.
 14762 | Gauntlet | Found a transporter.
 14766 | Gauntlet | Noticed a tengu warrior
 14777 | Gauntlet | Found a transporter.
 14779 | Gauntlet | Found a transporter.
 14786 | Gauntlet | Found a runed translucent door.
 14789 | Gauntlet | Found a transporter.
 14823 | Gauntlet | Found a transporter.
 14829 | Gauntlet | Found a transporter.
 14847 | Gauntlet | Found a transporter.
 14851 | Gauntlet | Found a transporter.
 14877 | Gauntlet | Found a transporter.
 14906 | Gauntlet | Found a transporter.
 14909 | Gauntlet | Noticed a blizzard demon
 14911 | Gauntlet | Found a transporter.
 15057 | Gauntlet | Identified the Compendium of Classification
 15194 | Gauntlet | Got a coiled amber ring
 15194 | Gauntlet | Got a scintillating tin ring
 15199 | Gauntlet | Identified the ring "Ynweusou" {Fire MR+} (You found it in
                  | a Gauntlet)
 15201 | Gauntlet | Identified the ring "Ehicw" {*Tele Int+3} (You found it in
                  | a Gauntlet)
 15308 | Gauntlet | Identified the +9 shortbow "Murmur" {vorpal, Str-4 Dex+2
                  | SInv}
 15308 | Gauntlet | Noticed a minotaur
 15476 | Gauntlet | Killed a minotaur
 15541 | Gauntlet | Learned a level 4 spell: Sticky Flame
 15593 | Lair:3   | Reached XP level 13. HP: 31/66 MP: 12/29
 16778 | Lair:4   | Found a hole to the Spider Nest.
 17303 | Lair:4   | Reached skill level 1 in Axes
 17593 | Lair:5   | Reached skill level 12 in Spellcasting
 17595 | Lair:5   | Reached skill level 1 in Bows
 17649 | Lair:5   | Learned a level 3 spell: Vampiric Draining
 17844 | Lair:5   | Noticed Urug
 17896 | Lair:5   | Killed Urug
 18010 | Lair:5   | Reached skill level 5 in Fire Magic
 18087 | Lair:5   | Offered knowledge of Ozocubu's Refrigeration by Vehumet.
 18090 | Lair:5   | Reached skill level 1 in Necromancy
 18424 | Lair:5   | Found a viscous altar of Jiyva.
 18425 | Lair:5   | Found a staircase to the Slime Pits.
 18493 | Lair:6   | Entered Level 6 of the Lair of Beasts
 18493 | Lair:6   | Found a burning altar of Makhleb.
 18546 | Lair:6   | Reached skill level 5 in Translocations
 18678 | Lair:6   | Reached XP level 14. HP: 46/72 MP: 16/31
 19043 | Lair:6   | Identified the cursed +1 ring mail "Ciovij" {rPois} (You
                  | found it on level 6 of the Lair of Beasts)
 19330 | Lair:6   | HP: 3/72 [blink frog (8)]
 19330 | Lair:6   | Slain by an elephant

Illustrated notes

Levels and vault maps discovered:
D:1:      ncdulo_smallfort, layout_rooms, st_stairs_11
D:2:      minmay_chambers_of_ones, layout_basic, doesnt_xom_only_xom
D:3:      layout_basic, trog_eyes_of_draining, first_ration
D:4:      layout_basic, lemuel_blue_sif_altar, overflow_temple_1_default,
          gammafunk_ghost_grave, minmay_statues_item
D:5:      layout_gridville
D:6:      layout_basic, lemuel_round_altar, ashenzari_conservatory_becter,
          minmay_starry_boxes, uniq_edmund, uniq_menkaure
D:7:      cheibrodos_quashed, layout_rooms, minmay_temple_entry_sparse_star,
          gammafunk_ghost_grave, serial_shops, shop, shop, kennysheep_mini_moat
D:8:      layout_gridville, nicolae_overflow_hidden_temple, blue_anna_alchemist
          [blue_anna_fruit_fields, blue_anna_fruit_fields]
D:9:      layout_gridville, minmay_lair_entry_grove, nicolae_wwwww,
          dk_vineyard_3
D:10:     layout_basic, orc_david_3, gammafunk_ghost_split, solitary_fountain,
          nicolae_dithmenos_the_darkroom, uniq_snorg
Temple:   nicolae_temple_no_exploring_needed
Lair:1:   layout_cave_pods, kennysheep_abandoned_house
Lair:2:   layout_concentric_octagons, minmay_swamp_entry_worms,
          gammafunk_ghost_cemetery, lemuel_fruit_fields
Lair:3:   layout_loops_ring, gauntlet_entry_generic, gammafunk_ghost_cemetery
Lair:4:   layout_cave_pods, spider_nest_entry_webs,
          chequers_serial_rivers_large_a, st_stairs_10
Lair:5:   layout_hall_layers, dpeg_slime_entry_enclosed_altar,
          grunt_megastairs_3, infiniplex_staircase_pool, uniq_urug
Lair:6:   hangedman_lair_tendril_chambers, layout_regular_city, basic_altar,
          serial_bayou_pond_d

Skill      XL: |  1  2  3  4  5  6  7  8  9 10 11 12 13 14 |
---------------+-------------------------------------------+-----
Fighting       | 1 2 3 4 5 6 7 |  7.5
Short Blades   | 1 2 3 4 |  4.1
Dodging        | 2 3 4 |  4.3
Stealth        | 3 4 5 |  5.0
Spellcasting   | 3 4 6 7 9 10 11 12 | 12.7
Charms         | 1 2 3 4 5 6 |  6.1
Ice Magic      | 5 6 7 8 |  8.6
Translocations | 1 2 3 5 |  5.6
Conjurations   | 2 3 5 |  5.4
Air Magic      | 2 3 |  3.8
Armour         | 1 2 3 |  3.0
Long Blades    | 2 4 5 6 |  6.5
Poison Magic   | 2 3 |  3.2
Fire Magic     | 1 3 5 |  5.5
Transmutations | 1 2 |  2.1
Throwing       | 1 |  1.8
Axes           | 3 4 |  4.2
Bows           | 1 2 |  2.5
Necromancy     | 1 |  1.7

Action                   |  1- 3 |  4- 6 |  7- 9 | 10-12 | 13-15 || total
-------------------------+-------+-------+-------+-------+-------++-------
Melee: Unarmed           |     6 |       |       |       |       ||     6
       Bite              |    19 |    39 |    76 |   136 |    79 ||   349
       Short sword       |    93 |   103 |    55 |       |       ||   251
       Dagger            |       |       |   259 |    69 |     8 ||   336
       Long sword        |       |       |     3 |   292 |   223 ||   518
       Trident           |       |       |       |    12 |       ||    12
 Fire: Shortbow          |       |       |       |       |    34 ||    34
Throw: Javelin           |       |       |     1 |    14 |       ||    15
       Dart              |       |       |    10 |    65 |     1 ||    76
       Boomerang         |       |       |     2 |    16 |    30 ||    48
 Cast: Freeze            |     8 |       |       |       |       ||     8
       Frozen Ramparts   |     5 |     9 |    48 |    68 |    42 ||   172
       Ozocubu's Armour  |       |     1 |    40 |    51 |    35 ||   127
       Apportation       |       |       |     5 |     4 |     1 ||    10
       Shock             |       |       |    18 |       |       ||    18
       Magic Dart        |       |       |     6 |     9 |       ||    15
       Mephitic Cloud    |       |       |       |    15 |       ||    15
       Ignite Poison     |       |       |       |     9 |       ||     9
       Sticky Flame      |       |       |       |     1 |    38 ||    39
       Static Discharge  |       |       |       |     1 |     1 ||     2
Evoke: Wand              |       |       |       |     4 |       ||     4
  Use: Scroll            |       |       |    10 |    17 |     5 ||    32
       Potion            |       |       |     2 |    16 |     2 ||    20
 Stab: Sleeping          |     7 |     7 |    12 |    11 |     3 ||    40
       Confused          |       |       |       |     3 |       ||     3
       Distracted        |       |       |       |     1 |       ||     1
  Eat: Chunk             |     3 |     4 |    20 |    12 |    14 ||    53
       Ration            |       |       |     2 |     2 |       ||     4
Armor: Robe              |    37 |    17 |   104 |    82 |       ||   240
       Leather armour    |       |       |    49 |       |       ||    49
       Troll leather arm |       |       |       |    94 |    89 ||   183
       Ring mail         |       |       |       |       |    28 ||    28
Dodge: Dodged            |    85 |    24 |   187 |   275 |   206 ||   777
       Rpst.: Long sword |       |       |     2 |    54 |    60 ||   116

Table legend:
 A = Non-vault XP
 B = Vault XP
 C = Vault XP percentage of total XP
 D = Non-vault monster count
 E = Vault monster count
 F = Vault count percentage of total count
                 A         B        C        D         E       F
            +---------+---------+-------+---------+---------+-------
      Total |   47342 |   16943 |  26.4 |     389 |      88 |  18.4
            +---------+---------+-------+---------+---------+-------
        D:1 |      65 |       4 |   5.8 |      31 |       4 |  11.4
        D:2 |      69 |      11 |  13.8 |      20 |       5 |  20.0
        D:3 |      78 |     366 |  82.4 |      27 |       5 |  15.6
        D:4 |     530 |       0 |   0.0 |      24 |       0 |   0.0
        D:5 |     637 |       0 |   0.0 |      16 |       0 |   0.0
        D:6 |     850 |     229 |  21.2 |      19 |       3 |  13.6
        D:7 |     602 |     135 |  18.3 |      24 |       3 |  11.1
        D:8 |    1128 |      97 |   7.9 |      29 |       1 |   3.3
        D:9 |    3060 |    1676 |  35.4 |      27 |      12 |  30.8
       D:10 |    2638 |    1208 |  31.4 |      31 |       4 |  11.4
     Lair:1 |    6131 |     376 |   5.8 |      27 |      10 |  27.0
     Lair:2 |    5477 |     286 |   5.0 |      21 |       1 |   4.5
     Lair:3 |    5879 |       0 |   0.0 |      23 |       0 |   0.0
     Lair:4 |    5433 |    1299 |  19.3 |      23 |       5 |  17.9
     Lair:5 |    7532 |    3331 |  30.7 |      23 |       7 |  23.3
     Lair:6 |    7233 |    5181 |  41.7 |      24 |      21 |  46.7
   Gauntlet |       0 |    2744 | 100.0 |       0 |       7 | 100.0
            +---------+---------+-------+---------+---------+-------
